 Dungeon Crawl Stone Soup version 0.32-a0-433-g08bcfe7efd (webtiles) character file.

Game seed: 14072559646843785595

1904 Bravepunisher the Ducker (level 8, 42/43 HPs)
             Began as a Spriggan Fighter on Feb 22, 2024.
             Was a Follower of Okawaru.
             Quit the game on level 7 of the Dungeon.
             The game lasted 00:27:37 (6204 turns).

Bravepunisher the Ducker (Spriggan Fighter)         Turns: 6204, Time: 00:27:38

Health: 42/43      AC:  3    Str: 12    XL:     8   Next: 94%
Magic:  14/14      EV: 30    Int: 10    God:    Okawaru [*.....]
Gold:   143        SH:  7    Dex: 16    Spells: 7/7 levels left

rFire   + . .        n - +1 dagger (vamp)
rCold   + . .        c - +0 buckler
rNeg    . . .        a - +1 robe {rC+ rF+}
rPois   .            (helmet restricted)
rElec   .            (no cloak)
rCorr   .            (gloves unavailable)
SInv    +            (boots unavailable)
Will    +....        (no amulet)
Stlth   +++          f - +5 ring of evasion
HPRegen 0.27/turn    (no ring)
MPRegen 0.14/turn

%: no passive effects
@: heroic, very quick
A: very small, no large weapons, unfitting armour, see invisible, speed 3
a: Renounce Religion, Heroism


You were on level 7 of the Dungeon.
You worshipped Okawaru.
Okawaru was aware of your devotion.
You visited 2 branches of the dungeon, and saw 8 of its levels.

You collected 143 gold pieces.

Inventory:

Hand Weapons
 n - a +1 vampiric dagger (weapon)
Armour
 a - a +1 robe of resistance (worn)
 c - a +0 buckler (worn)
Jewellery
 f - a +5 ring of evasion (left hand)
Scrolls
 g - a scroll of immolation
 l - a scroll of blinking
Potions
 i - a potion of lignification


   Skills:
 + Level 5.0(10.0) Fighting
 - Level 2.1(7.1) Short Blades
 + Level 7.9(12.9) Dodging
 + Level 4.5(9.5) Shields
 * Level 7.1 Invocations


You had 7 spell levels left.
You didn't know any spells.
Your spell library contained the following spells:

 Spells                   Type           Power      Damage    Failure   Level
 Apportation              Tloc           0%         N/A       43%         1
 Necrotise                Necr           0%         1d4       43%         1
 Sting                    Conj/Alch      0%         1d3       43%         1
 Cigotuvi's Dreadful Rot  Necr/Alch/Air  0%         N/A       58%         2
 Dispel Undead            Necr           0%         3d6       99%         4
 Summon Small Mammal      Summ           Unusable   N/A       N/A         1
 Martyr's Knell           Necr/Summ      Unusable   N/A       N/A         4
 Death Channel            Necr           Unusable   N/A       N/A         6

Dungeon Overview and Level Annotations

Branches:
Dungeon (7/15)             Temple (1/1) D:4

Altars:
Ashenzari
Cheibriados
Dithmenos
Gozag
Hepliaklqana
Kikubaaqudgha
Makhleb
Nemelex Xobeh
Okawaru
Sif Muna
Trog
Uskayaw
Vehumet
Wu Jian
Xom
Yredelemnul
Zin
The Shining One

Shops:
D:2 [   D:5 [

Annotations:
D:4 1 runed translucent door, soberseth's ghost, amateur MiBe
D:5 Pikel
D:7 Dowan; Joseph


Innate Abilities, Weirdness & Mutations

You are very small and have problems with some larger weapons.
You are too small for most types of armour.
You have supernaturally acute eyesight. (SInv)
You cover ground extremely quickly. (Speed+++)


Message History

You kill Duvessa!
Okawaru accepts your kill.
Dowan seems overcome with grief.
Dowan seems to find hidden reserves of power!
Dowan gestures wildly while chanting.
Dowan blinks!
Your base Fighting skill increases to level 5!
Things that are here:
a +0 short sword; the +3 chain mail of the Great Game {Int+2 SInv}; the elf corpse of Duvessa Dowan completely misses you.
You hit Dowan.
You feel better.
Dowan is lightly wounded.
Dowan gestures at you while chanting. The shard of ice misses you.
You hear a shout!
You closely miss Dowan.
Dowan is lightly wounded.
You hear a shout!
You block Dowan's attack.
A gnoll comes into view. It is wielding a +0 flail.
You hit Dowan.
You feel better.
Dowan is lightly wounded.
Dowan closely misses you.
You hit Dowan but do no damage.
Dowan is lightly wounded.
Dowan barely misses you.
Dowan casts a spell.
Dowan blinks!
There is a stone staircase leading up here.
A wight comes into view. It is wielding a +3 flail.
A gnoll comes into view. It is wielding a +0 spear.
Dowan gestures wildly while chanting.
Dowan blinks!
Dowan casts a spell.
Dowan blinks!
Dowan casts a spell.
Dowan blinks!
Found a club.
A shadow imp comes into view.
Are you sure you want to abandon this character and quit the game? (Confirm with "yes".)

.....# .. .....#
######### ...
...).###.......##..
...#..............
..e.e..........#
...#####.....<.#
...#####.......#
......##.......########)
...##.##.....g.z@.......
..###..)...e...###.####.
..#...#####<.g.# .#
....#....###...### ..
..#####..........# ..
...# #...###.#...# #c
...# ###.###......) ...#
#..#####.##.. #..##
##..$# ... .


You could see Dowan (fast), a centaur (wandering), a wight and 2 gnolls.

Vanquished Creatures
  A hornet (D:7)
  Prince Ribbit (D:5)
  Sigmund (D:6)
  Duvessa (D:7)
  An ice beast (D:6)
  2 water moccasins
  A lemure (D:5)
  A phantom (D:5)
  5 bullfrogs
  4 scorpions
  A bombardier beetle (D:5)
  2 hounds
  3 iguanas
  2 gnolls
  6 adders
  2 white imps
  3 dart slugs
  3 ribbon worms
  4 orcs
  5 ball pythons
  5 endoplasms
  3 giant cockroaches
  7 goblins
  9 hobgoblins
  5 jackals
  2 quokkas
  2 bats (D:1)
  4 frilled lizards
  8 kobolds
  3 rats
97 creatures vanquished.

Vanquished Creatures (others)
  A gnoll (D:7)
1 creature vanquished.

Grand Total: 98 creatures vanquished

Notes
Turn   | Place    | Note
-------+----------+-------------------------------------------
     0 | D:1      | Bravepunisher the Spriggan Fighter began the quest for the
                  | Orb.
     0 | D:1      | Reached XP level 1. HP: 11/11 MP: 2/2
    68 | D:1      | You fall into a shaft and drop 1 floor!
   184 | D:4      | Noticed an iguana
   192 | D:4      | Found a runed translucent door.
   192 | D:4      | Noticed soberseth's ghost (amateur MiBe)
   255 | D:4      | Noticed a scorpion
   278 | D:4      | Noticed a hound
   298 | D:5      | Entered Level 5 of the Dungeon
   327 | D:5      | Noticed Prince Ribbit
   406 | D:4      | Found a staircase to the Ecumenical Temple.
   415 | Temple   | Entered the Ecumenical Temple
   426 | Temple   | Became a worshipper of Warmaster Okawaru
   480 | D:3      | Found an opulent altar of Gozag.
   480 | D:3      | Found a burning altar of Makhleb.
   483 | D:3      | Found an ornate altar of the Wu Jian Council.
   504 | D:4      | Killed a hound
   505 | D:4      | Reached skill level 1 in Invocations
   505 | D:4      | Reached XP level 2. HP: 16/16 MP: 3/3
   505 | D:4      | Reached XP level 3. HP: 19/19 MP: 4/4
   513 | D:4      | Killed a scorpion
   514 | D:4      | Reached XP level 4. HP: 6/24 MP: 4/6
  1848 | D:2      | Reached XP level 5. HP: 28/28 MP: 7/7
  1849 | D:2      | Reached * piety under Okawaru
  1850 | D:2      | Reached skill level 5 in Dodging
  2221 | D:2      | Found Qiasm's Armour Shop.
  2455 | D:3      | Found a sparkling altar of Nemelex Xobeh.
  3421 | D:4      | Reached XP level 6. HP: 32/32 MP: 9/9
  3701 | D:5      | Killed Prince Ribbit
  3701 | D:5      | Reached ** piety under Okawaru
  3702 | D:5      | Reached XP level 7. HP: 20/37 MP: 9/11
  3941 | D:5      | Found a hide-covered altar of Uskayaw.
  4065 | D:5      | Noticed Pikel
  4181 | D:5      | Found Ufeghov's Antique Armour Boutique.
  4295 | D:6      | Reached skill level 5 in Invocations
  4764 | D:6      | Noticed Sigmund
  4779 | D:6      | Killed Sigmund
  4979 | D:6      | Reached XP level 8. HP: 27/42 MP: 13/13
  5508 | D:7      | Noticed Joseph
  5529 | D:7      | Noticed Duvessa
  5548 | D:7      | Noticed Dowan
  5644 | D:7      | Noticed a hornet
  5907 | D:7      | Identified the +3 chain mail of the Great Game {Int+2 SInv}
  5944 | D:7      | Killed a hornet
  6185 | D:7      | Killed Duvessa
  6186 | D:7      | Reached skill level 5 in Fighting
  6204 | D:7      | Quit the game

Illustrated notes

Levels and vault maps discovered:
D:1:      lemuel_arrival_tunnels, layout_basic
D:2:      layout_rooms, serial_shops, shop
D:3:      layout_basic, nemelex_diamond_rough_becter,
          nicolae_overflow_hidden_temple
D:4:      layout_loops_ring, minmay_temple_entry_mist,
          hellmonk_ghost_happy_afterlife
D:5:      layout_loops_cross, nicolae_uskayaw_suspiria, serial_shops,
          nicolae_shop_waterfront, uniq_prince_ribbit1, uniq_pikel
D:6:      layout_loops_corners, uniq_sigmund
D:7:      cheibrodos_fzero, layout_rooms, uniq_duvessa, uniq_joseph
Temple:   nicolae_temple_god_jail

Skill      XL: |  1  2  3  4  5  6  7  8 |
---------------+-------------------------+-----
Invocations    | 1 2 3 4 5 7 |  7.1
Fighting       | 3 4 5 |  5.0
Dodging        | 5 6 7 |  7.9
Shields        | 3 4 |  4.5
Short Blades   | |  2.1

Action                     |  1- 3 |  4- 6 |  7- 9 || total
---------------------------+-------+-------+-------++-------
  Melee: Rapier            |    42 |   149 |       ||   191
         Dagger            |       |   269 |   516 ||   785
 Invoke: Heroism           |       |     1 |    12 ||    13
  Evoke: Wand              |       |     8 |    22 ||    30
    Use: Potion            |     1 |     2 |     9 ||    12
         Scroll            |       |       |     6 ||     6
   Stab: Sleeping          |     1 |     4 |       ||     5
         Invisible         |       |       |     4 ||     4
 Armour: Robe              |    10 |    48 |    96 ||   154
  Dodge: Dodged            |    37 |   279 |   407 ||   723
  Block: Buckler           |     9 |    82 |   143 ||   234

Table legend: (Time is in decaauts)
 A = Elapsed time spent in this place.
 B = Non-inter-level travel time spent in this place.
 C = Inter-level travel time spent in this place.
 D = Time resting spent in this place.
 E = Time spent auto-exploring this place.
 F = Levels seen in this place.
 G = Mean time per level.
                   A        B        C        D        E       F      G
               +--------+--------+--------+--------+--------+-----+--------+
         Total |   4382 |   4063 |    319 |    158 |   2300 |   8 |  547.8 |
       Dungeon |   4367 |   4053 |    314 |    158 |   2300 |   7 |  623.9 |
        Temple |     14 |     10 |      4 |      0 |      0 |   1 |   14.0 |
               +--------+--------+--------+--------+--------+-----+--------+

Top non-repeatable levels by time:
     D:6: 1019 daAuts
     D:1: 736 daAuts
     D:4: 672 daAuts
     D:3: 550 daAuts
     D:5: 503 daAuts
     D:2: 465 daAuts
     D:7: 419 daAuts
  Temple: 14 daAuts
